 Dungeon Crawl Stone Soup version 0.27.0-65-ge2af304b15 (webtiles) character file.

Game seed: 5809583170775130120

409 Thatpatchoflichen the Stinger (level 6, -2/52 HPs)
             Began as a Draconian Venom Mage on Aug 18, 2021.
             Slain by a wyvern (5 damage)
             ... on level 4 of the Dungeon.
             The game lasted 00:16:05 (4818 turns).

Thatpatchoflichen the Stinger (DrVM)                Turns: 4818, Time: 00:16:06

Health: -2/52      AC:  6    Str: 11    XL:     6   Next: 58%
Magic:  3/9        EV: 12    Int: 17    God:
Gold:   191        SH:  5    Dex: 11    Spells: 6/9 levels left

rFire    . . .     SeeInvis .   q - +2 dagger (protect)
rCold    . . .     Faith    .   (no shield)
rNeg     . . .     Spirit   .   (armour unavailable)
rPois    .         Reflect  +   (helmet restricted)
rElec    .         Harm     .   (no cloak)
rCorr    .         Rampage  .   (no gloves)
Will     .....                  (no boots)
Stlth    ++........             n - amulet of reflection
HPRegen  0.17/turn              (no ring)
MPRegen  0.11/turn              (no ring)

@: no status effects
A: AC +6, unfitting armour, cold-blooded
a: no special abilities


You were on level 4 of the Dungeon.
You visited 1 branch of the dungeon, and saw 4 of its levels.

You collected 191 gold pieces.

Inventory:

Hand Weapons
 p - a +0 club
 q - a +2 dagger of protection (weapon)
Missiles
 k - 23 arrows
 l - 81 stones
 m - 5 poisoned darts
 s - 17 bolts
 t - 31 sling bullets
Magical Staves
 r - a staff of cold
Jewellery
 b - an amulet of the acrobat
 n - an amulet of reflection (around neck)
Scrolls
 a - 4 scrolls of identify {unknown}
 h - a scroll of blinking {unknown}
 i - a scroll of teleportation {unknown}
 j - a scroll of fear {unknown}
 o - a scroll of noise {unknown}
Potions
 c - a potion of might {unknown}
 d - 2 potions of curing {unknown}
 e - a potion of brilliance {unknown}
 f - a potion of cancellation {unknown}
 g - 2 potions of degeneration {unknown}


   Skills:
 + Level 4.0 Fighting
 + Level 1.8 Dodging
 - Level 1.7 Stealth
 + Level 2.0 Spellcasting
 - Level 1.0 Transmutations
 + Level 2.0 Air Magic
 + Level 5.9 Poison Magic


You had 6 spell levels left.
You knew the following spells:

 Your Spells              Type           Power      Damage    Failure   Level
a - Sting                 Tmut/Pois      52%        1d5       4%          1
b - Poisonous Vapours     Pois/Air       30%        N/A       6%          2

Your spell library contained the following spells:

 Spells                   Type           Power      Damage    Failure   Level
 Olgreb's Toxic Radiance  Pois           21%        N/A       17%         4
 Mephitic Cloud           Conj/Pois/Air  10%        N/A       21%         3
 Blink                    Tloc           N/A        N/A       28%         2
 Lesser Beckoning         Tloc           0%         N/A       50%         3
 Manifold Assault         Tloc           1%         N/A       99%         5


Dungeon Overview and Level Annotations

Branches:
Dungeon (4/15)
 Temple: D:4-7

Altars:
The Shining One

Shops:
D:3 *


Innate Abilities, Weirdness & Mutations

Your plain brown scales are hard. (AC +6)
You cannot fit into any form of body armour.
You are cold-blooded and may be slowed by cold attacks.


Message History

Aiming: Poisonous Vapours (safe; 6% risk of failure)
Press: ? - help, Dir - move target, f - wyvern
Aim: a wyvern Poisonous vapours surround the wyvern!
The wyvern is poisoned.
Casting: Poisonous Vapours (safe; 6% risk of failure)
Confirm with . or Enter, or press ? or * to list all spells.
Aiming: Poisonous Vapours (safe; 6% risk of failure)
Press: ? - help, Dir - move target, f/p - wyvern
Aim: a wyvern (poisoned) Poisonous vapours surround the wyvern!
The wyvern looks even sicker.
The wyvern bites you but does no damage.
Casting: Poisonous Vapours (safe; 6% risk of failure)
Confirm with . or Enter, or press ? or * to list all spells.
Aiming: Poisonous Vapours (safe; 6% risk of failure)
Press: ? - help, Dir - move target, f/p - wyvern
Aim: a wyvern (very poisoned) Poisonous vapours surround the wyvern!
The wyvern looks even sicker.
The wyvern bites you but does no damage.
The wyvern misses you. The wyvern bites you! The wyvern misses you.
The wyvern bites you!
Casting: Poisonous Vapours (safe; 6% risk of failure)
Confirm with . or Enter, or press ? or * to list all spells.
Aiming: Poisonous Vapours (safe; 6% risk of failure)
Press: ? - help, Dir - move target, f/p - wyvern
Aim: a wyvern (moderately wounded, very poisoned) Poisonous vapours surround the wyvern!
The wyvern looks even sicker.
The wyvern bites you!
* * * LOW HITPOINT WARNING * * *
The wyvern closely misses you.
Things that are here:
a +0 war axe; an orc skeleton The wyvern bites you.
* * * LOW HITPOINT WARNING * * *
You block the wyvern's attack. The wyvern misses you.
You block the wyvern's attack. The wyvern bites you.
You die...

###..# ##........##............
.##..## ##........###...........
......####.........# ##........).
....>..............###...........
.....†.....##...>..##...##.......
.......##...#.......#..###.......
.......##...)..........##..######
..#....#<.......l####......#####.
.##....)......#.@# ###.....##...
. #...[.)#...###.# ##.........
#....####..# #.# #.....####
........ #.## #.# #.#..## #
.....##.# #.# #.# #..###.## ....#
#. #.# #.# #.#.# ##.### ...#
#.#.# #.# ...#.# ##... #.# ##.#
#.# ### .## #.## ## ### ### # ###


You could see a wyvern (very poisoned).

Vanquished Creatures
  An ogre (D:3)
  A centaur (D:3)
  A crimson imp (D:3)
  Natasha (thrice) (D:3)
  Robin (D:4)
  3 adders
  A howler monkey skeleton (D:4)
  A worm (D:2)
  7 orcs
  9 endoplasms
  2 giant cockroaches
  9 goblins
  8 hobgoblins
  7 kobolds
  2 quokkas
  4 ball pythons
  5 bats
  2 frilled lizards
  5 goblin skeletons (D:3)
  A goblin zombie (D:3)
  5 hobgoblin zombies (D:3)
  An orc skeleton (D:3)
  An orc zombie (D:3)
  3 rats
83 creatures vanquished.

Notes
Turn   | Place    | Note
-------+----------+-------------------------------------------
     0 | D:1      | Thatpatchoflichen the Draconian Venom Mage began the quest
                  | for the Orb.
     0 | D:1      | Reached XP level 1. HP: 14/14 MP: 3/3
   219 | D:1      | Found a faded altar of an unknown god.
   648 | D:1      | Reached skill level 1 in Fighting
   718 | D:1      | Reached XP level 2. HP: 23/23 MP: 0/5
  1238 | D:2      | Reached XP level 3. HP: 29/29 MP: 1/6
  1831 | D:3      | Found Rosyqeut's Assorted Antiques.
  1940 | D:3      | Learned a level 2 spell: Poisonous Vapours
  1975 | D:3      | Noticed Natasha
  1983 | D:3      | Killed Natasha
  1984 | D:3      | Reached skill level 4 in Poison Magic
  1984 | D:3      | Reached XP level 4. HP: 37/37 MP: 1/7
  2260 | D:3      | Found a glowing golden altar of the Shining One.
  2632 | D:3      | Reached skill level 1 in Air Magic
  2721 | D:3      | Noticed Natasha
  2740 | D:3      | Killed Natasha
  2741 | D:3      | Reached XP level 5. HP: 8/45 MP: 0/8
  2987 | D:3      | Noticed Natasha
  3034 | D:3      | Killed Natasha
  3700 | D:4      | Noticed Robin
  3701 | D:4      | Noticed a centaur
  3833 | D:3      | Killed a centaur
  3834 | D:3      | Reached skill level 5 in Poison Magic
  3834 | D:3      | Reached XP level 6. HP: 21/52 MP: 2/9
  4195 | D:4      | Killed Robin
  4795 | D:4      | Noticed a wyvern
  4810 | D:4      | HP: 1/52 [wyvern (6)]
  4818 | D:4      | Slain by a wyvern

Illustrated notes

Levels and vault maps discovered:
D:1:      dpeg_arrival_pits, layout_loops_ring, ebering_ecumenical_altar_hall
D:2:      layout_basic
D:3:      layout_loops_ring, nicolae_tso_besieged_by_evil, serial_shops, shop,
          minmay_misc_feat_hallway, uniq_natasha
D:4:      layout_layer_cave, amcnicky_altar_gilded, roderic_batcave,
          minmay_fractal_squares_5, uniq_robin

Skill      XL: |  1  2  3  4  5 |
---------------+----------------+-----
Fighting       | 1 2 3 4 |  4.0
Poison Magic   | 4 5 |  5.9
Air Magic      | 1 2 |  2.0
Dodging        | |  1.8
Stealth        | |  1.7
Spellcasting   | |  2.0
Transmutations | |  1.0

Action                   |  1- 3 |  4- 6 || total
-------------------------+-------+-------++-------
Melee: Unarmed           |     4 |   274 ||   278
       Tailslap          |       |    35 ||    35
       Dagger            |       |     1 ||     1
 Cast: Sting             |    61 |    63 ||   124
       Poisonous Vapours |       |    19 ||    19
 Stab: Sleeping          |       |     2 ||     2
Armor: Skin              |    11 |   112 ||   123
Dodge: Dodged            |    33 |   206 ||   239
Block: Other             |       |     4 ||     4
